 Dungeon Crawl Stone Soup version 0.21.1-1-g345015fe64 (webtiles) character file.

411 ILYA101 the Slasher (level 6, -1/79 HPs)
             Began as a Draconian Berserker on June 22, 2018.
             Was a Priest of Trog.
             Slain by Lentor's ghost (4 damage)
             ... on level 4 of the Dungeon.
             The game lasted 00:08:14 (2530 turns).

ILYA101 the Slasher (Draconian Berserker)           Turns: 2530, Time: 00:08:15

Health: -1/79      AC:  7    Str: 26    XL:     6   Next: 58%
Magic:  2/2        EV: 13    Int:  7    God:    Trog [***...]
Gold:   216        SH:  0    Dex: 11    Spells: 5/5 levels left

rFire    . . .     SeeInvis .   m - +2 falchion (antimagic)
rCold    . . .     Gourm    .   (no shield)
rNeg     . . .     Faith    .   (armour unavailable)
rPois    .         Spirit   .   (helmet restricted)
rElec    .         Reflect  .   (no cloak)
rCorr    .         Harm     .   n - +0 pair of gloves
MR       ++...                  (no boots)
Stlth    ..........             (no amulet)
HPRegen  1.23/turn              (no ring)
MPRegen  0.08/turn              (no ring)

@: berserking, lethally poisoned (-1 -> -7), regenerating, very quick
A: unfitting armour, cold-blooded, AC +6
a: Berserk, Trog's Hand, Burn Spellbooks, Renounce Religion


You were on level 4 of the Dungeon.
You worshipped Trog.
Trog was most pleased with you.
You were near starving.

You visited 1 branch of the dungeon, and saw 4 of its levels.

You collected 216 gold pieces.

Inventory:

Hand Weapons
 m - a +2 antimagic falchion (weapon)
Armour
 n - a +0 pair of gloves (worn)
Scrolls
 a - a scroll of identify
 d - a scroll of fog
 g - 3 scrolls of teleportation
 j - a scroll of magic mapping
Potions
 h - 2 potions of agility
 i - a potion of heal wounds
 k - a potion of berserk rage
 l - a potion of curing
Comestibles
 b - 8 rations


   Skills:
 + Level 4.7 Fighting
 + Level 5.8 Long Blades
 + Level 4.0 Dodging
 + Level 0.9 Stealth


You had 5 spell levels left.
You didn't know any spells.

Dungeon Overview and Level Annotations

Branches:
Dungeon (4/15)
 Temple: D:4-7

Altars:
Gozag
Wu Jian

Annotations:
D:4 Lentor's ghost, amateur MiBe


Innate Abilities, Weirdness & Mutations

Your plain brown scales are hard. (AC +6)
You cannot fit into any form of body armour.
You are cold-blooded and may be slowed by cold attacks.


Message History

You are more poisoned.
The orc wizard mumbles some strange words.
The orc wizard flickers and vanishes!
Deactivating autopickup; reactivate with Ctrl-A.
Your skin crawls.
You feel resistant to hostile enchantments.
You are feeling hungry.
You feel sick. Lentor's ghost hits you!
* * * LOW HITPOINT WARNING * * *
A red film seems to cover your vision as you go berserk!
You feel yourself moving faster!
You feel mighty!
You are near starving!
You feel sick. Lentor's ghost hits you!
* * * LOW HITPOINT WARNING * * *
You are lethally poisoned!
You hit Lentor's ghost.
Lentor's ghost is heavily damaged.
* * * LOW HITPOINT WARNING * * *
You feel sick. Lentor's ghost hits you.
You die...

#.... #....
#...# # #...##
.. ##..!.## ..
#....o.# ..
#..#o{..# ..
#. ##W#ooo...
.. # #@#......
.. #.##..o..o
#. #.#
........ ...#.
#.#
.....##.##....
#.#
..............
#.# #.......
#.# #.......
#.## #.......
#..# #.......


You could see Lentor's ghost and 2 orcs.

Vanquished Creatures
  The ghost of Enjoyment the Poker, an amateur HuBe of Trog (D:3)
  A hound (D:4)
  2 orc priests (D:3)
  3 orc wizards
  4 adders (D:2)
  An ooze (D:1)
  A worm (D:2)
  2 dart slugs
  14 orcs
  A giant cockroach (D:1)
  A goblin (D:1)
  9 hobgoblins
  A quokka (D:3)
  A ball python (D:2)
  7 bats
  5 frilled lizards
  4 kobolds
  6 rats
64 creatures vanquished.

Notes
Turn   | Place    | Note
-------+----------+-------------------------------------------
     0 | D:1      | ILYA101 the Draconian Berserker began the quest for the Orb.
     0 | D:1      | Reached XP level 1. HP: 19/19 MP: 1/1
    50 | D:1      | Reached XP level 2. HP: 24/26 MP: 2/2
   573 | D:1      | Reached ** piety under Trog
   673 | D:2      | Reached XP level 3. HP: 29/33 MP: 3/3
  1241 | D:2      | Reached XP level 4. HP: 38/40 MP: 4/4
  1738 | D:3      | Reached skill level 4 in Long Blades
  1746 | D:3      | Noticed Enjoyment's ghost (amateur HuBe)
  1787 | D:3      | Killed Enjoyment's ghost
  1787 | D:3      | Reached XP level 5. HP: 30/46 MP: 5/5
  1900 | D:3      | Reached skill level 5 in Long Blades
  1921 | D:3      | Found an ornate altar of the Wu Jian Council.
  2045 | D:3      | Reached XP level 6. HP: 49/53 MP: 2/6
  2147 | D:3      | Reached *** piety under Trog
  2417 | D:4      | Found an opulent altar of Gozag.
  2485 | D:4      | Noticed Lentor's ghost (amateur MiBe)
  2530 | D:4      | HP: 3/79 [poisoned by Lentor's ghost]
  2530 | D:4      | Slain by Lentor's ghost

Skill      XL: |  1  2  3  4  5  6 |
---------------+-------------------+-----
Dodging        | 3 4 |  4.0
Fighting       | 4 |  4.7
Long Blades    | 4 5 |  5.8
Stealth        | |  0.9

Action                   |  1- 3 |  4- 6 || total
-------------------------+-------+-------++-------
Melee: Falchion          |   110 |   144 ||   254
       Tailslap          |    15 |    15 ||    30
Invok: Berserk           |       |     3 ||     3
       Trog's Hand       |       |     2 ||     2
  Use: Scroll            |       |    11 ||    11
       Potion            |       |     2 ||     2
 Stab: Sleeping          |     1 |       ||     1
  Eat: Chunk             |     1 |     3 ||     4
       Ration            |       |     1 ||     1
Armor: Skin              |    43 |    56 ||    99
Dodge: Dodged            |    97 |   101 ||   198
       Rpst.: Falchion   |    19 |    28 ||    47
